[ AOE2 MATCH · #462024918 ]
Team RMBulgarians vs Cumans
[ REPLAY ANALYSIS · EXTRACTED FROM THE RECORDED GAME ]
Feudal
9:48
Castle
33:31
Imperial
—
| APM avg | 19.6 |
| APM peak | 71 |
| eAPM avg | 13.4 |
| Villagers / military | 145 / 25 |
Focus
⚔️ 20.6% · 🌾 79.4%
Militia ×17 · Trade Cart ×8 · Scout Cavalry ×8
Feudal
9:41
Castle
13:51
Imperial
31:20
| APM avg | 38.8 |
| APM peak | 104 |
| eAPM avg | 19.8 |
| Villagers / military | 142 / 167 |
Focus
⚔️ 26.1% · 🌾 73.9%
Militia ×121 · Scorpion ×32 · Mangonel ×5 · Centurion ×4 · Trebuchet (Packed) ×3 · Monk ×2
Feudal
11:04
Castle
25:52
Imperial
37:56
| APM avg | 34.0 |
| APM peak | 86 |
| eAPM avg | 20.7 |
| Villagers / military | 129 / 122 |
Focus
⚔️ 19.1% · 🌾 80.9%
Militia ×79 · Mangonel ×20 · Composite Bowman ×20 · Monk ×3
Feudal
9:47
Castle
26:27
Imperial
34:45
| APM avg | 23.1 |
| APM peak | 45 |
| eAPM avg | 13.4 |
| Villagers / military | 110 / 54 |
Focus
⚔️ 23.4% · 🌾 76.6%
Steppe Lancer ×22 · Mangonel ×20 · Battering Ram ×12 · Unknown (1260) ×10
Match map
Initial resources + every placement click. Lines = walls · curves = elevation contours. ◆ gold · ⬟ stone · ● berries · ✦ relic · ◌ wall gap
Your base· ✓ Closed at 33:31 · 7t walls · 4 gate(s)
i am a beginner's base· ✓ Closed at 13:51 · 0t walls · 3 gate(s)
stickysushi's base· ✓ Closed at 25:52 · 0t walls · 2 gate(s)
lineric1995's base· ✓ Closed at 26:27 · 0t walls · 2 gate(s)
Smoothed initial terrain · ◌ = detected wall gap · hover for details
Inputs per minute
— serafettinturker - - i am a beginner
Build order — serafettinturker
First 150 of 291 actions detected
| 0:03 | Create | Villager (Male) ×4 |
| 0:03 | Create | Villager (Male) ×4 |
| 0:05 | Build | House |
| 0:07 | Build | House |
| 0:11 | Build | House |
| 1:21 | Create | Villager (Male) |
| 1:21 | Create | Villager (Male) |
| 1:52 | Create | Villager (Male) |
| 1:53 | Create | Villager (Male) |
| 1:53 | Create | Villager (Male) |
| 2:01 | Build | Lumber Camp |
| 2:31 | Create | Villager (Male) |
| 2:32 | Create | Villager (Male) |
| 3:06 | Create | Villager (Male) |
| 3:06 | Create | Villager (Male) |
| 3:07 | Create | Villager (Male) |
| 3:42 | Create | Villager (Male) |
| 3:42 | Create | Villager (Male) |
| 4:01 | Create | Villager (Male) |
| 4:02 | Create | Villager (Male) |
| 4:02 | Create | Villager (Male) |
| 4:33 | Create | Villager (Male) |
| 4:34 | Create | Villager (Male) |
| 4:54 | Create | Villager (Male) |
| 4:54 | Create | Villager (Male) |
| 4:54 | Create | Villager (Male) |
| 4:57 | Create | Villager (Male) |
| 4:57 | Create | Villager (Male) |
| 4:58 | Create | Villager (Male) |
| 5:45 | Build | Mill |
| 6:14 | Create | Villager (Male) |
| 6:15 | Create | Villager (Male) |
| 6:15 | Create | Villager (Male) |
| 6:48 | Create | Villager (Male) |
| 6:49 | Create | Villager (Male) |
| 6:49 | Create | Villager (Male) |
| 7:11 | Research | Loom |
| 7:17 | Research | Feudal Age |
| 7:26 | Build | Lumber Camp |
| 8:00 | Create | Villager (Male) |
| 8:00 | Create | Villager (Male) |
| 8:01 | Create | Villager (Male) |
| 8:17 | Build | House |
| 8:19 | Build | House |
| 8:21 | Build | House |
| 8:55 | Build | Barracks |
| 9:00 | Create | Villager (Male) |
| 9:31 | Build | House |
| 9:48 | Age | Feudal Age |
| 9:52 | Research | Double-Bit Axe |
| 10:09 | Build | Market |
| 10:13 | Create | Villager (Male) |
| 10:27 | Build | House |
| 10:44 | Build | Mining Camp |
| 10:46 | Create | Villager (Male) |
| 11:14 | Create | Villager (Male) |
| 11:57 | Create | Villager (Male) |
| 12:05 | Build | Blacksmith |
| 12:09 | Build | House |
| 12:11 | Build | House |
| 12:19 | Build | Farm |
| 12:19 | Build | Farm |
| 12:21 | Build | Farm |
| 12:24 | Create | Villager (Male) |
| 12:42 | Create | Villager (Male) |
| 12:46 | Build | Farm |
| 12:50 | Build | Farm |
| 12:55 | Build | Farm |
| 12:56 | Create | Villager (Male) |
| 13:18 | Create | Villager (Male) |
| 13:23 | Build | Farm |
| 13:23 | Build | Farm |
| 13:31 | Build | Farm |
| 13:33 | Create | Villager (Male) |
| 13:45 | Create | Militia |
| 13:46 | Create | Militia |
| 13:54 | Build | Stable |
| 14:35 | Create | Militia |
| 14:35 | Create | Militia |
| 14:39 | Research | Gold Mining |
| 14:41 | Create | Villager (Male) |
| 14:50 | Create | Militia |
| 14:52 | Research | Scale Mail Armor |
| 14:58 | Build | House |
| 14:59 | Build | House |
| 15:01 | Create | Villager (Male) |
| 15:10 | Create | Villager (Male) |
| 15:13 | Build | Farm |
| 15:17 | Build | Farm |
| 15:20 | Create | Villager (Male) |
| 15:27 | Research | Forging |
| 15:38 | Create | Militia |
| 15:39 | Create | Militia |
| 15:44 | Build | Farm |
| 15:58 | Create | Villager (Male) |
| 16:17 | Create | Militia |
| 16:18 | Create | Militia |
| 16:33 | Create | Militia |
| 16:33 | Create | Militia |
| 16:34 | Create | Militia |
| 16:44 | Build | Barracks |
| 16:58 | Create | Villager (Male) |
| 16:58 | Create | Villager (Male) |
| 17:01 | Build | Farm |
| 17:01 | Build | Farm |
| 17:15 | Create | Militia |
| 17:15 | Create | Militia |
| 17:26 | Research | Fletching |
| 18:08 | Create | Villager (Male) |
| 18:08 | Create | Villager (Male) |
| 18:08 | Create | Villager (Male) |
| 18:17 | Create | Militia |
| 18:17 | Create | Militia |
| 18:18 | Create | Militia |
| 18:38 | Build | Town Center |
| 18:59 | Build | Gate |
| 19:03 | Build | House |
| 20:00 | Build | House |
| 20:03 | Build | House |
| 20:06 | Build | House |
| 20:10 | Build | House |
| 20:16 | Build | House |
| 21:31 | Build | Palisade Wall |
| 21:38 | Build | Palisade Wall |
| 21:50 | Build | Town Center |
| 22:58 | Build | Stone Wall |
| 23:03 | Build | Stone Wall |
| 23:08 | Build | Stone Wall |
| 23:11 | Build | Stone Wall |
| 23:14 | Build | Stone Wall |
| 23:37 | Create | Villager (Male) |
| 23:37 | Create | Villager (Male) |
| 23:37 | Create | Villager (Male) |
| 23:37 | Create | Villager (Male) |
| 23:38 | Create | Villager (Male) |
| 23:43 | Build | Farm |
| 23:44 | Build | Farm |
| 23:44 | Build | Farm |
| 23:44 | Build | Farm |
| 24:36 | Create | Villager (Male) |
| 24:36 | Create | Villager (Male) |
| 24:41 | Build | Farm |
| 25:20 | Build | Farm |
| 25:59 | Create | Villager (Male) |
| 26:11 | Build | Farm |
| 26:24 | Build | Farm |
| 26:44 | Build | Farm |
| 26:47 | Create | Villager (Male) |
| 27:19 | Create | Villager (Male) |
| 27:26 | Build | Farm |
Build order — i am a beginner
First 150 of 373 actions detected
| 0:01 | Create | Villager (Male) |
| 0:01 | Create | Villager (Male) |
| 0:02 | Create | Villager (Male) |
| 0:02 | Build | House |
| 0:04 | Build | House |
| 0:16 | Create | Villager (Male) |
| 0:16 | Create | Villager (Male) |
| 1:23 | Create | Villager (Male) |
| 1:23 | Create | Villager (Male) |
| 1:44 | Build | Lumber Camp |
| 1:56 | Create | Villager (Male) |
| 1:56 | Create | Villager (Male) |
| 1:56 | Create | Villager (Male) |
| 1:56 | Create | Villager (Male) |
| 2:38 | Create | Villager (Male) |
| 2:39 | Create | Villager (Male) |
| 2:57 | Create | Villager (Male) |
| 2:57 | Create | Villager (Male) |
| 3:36 | Create | Villager (Male) |
| 3:46 | Create | Villager (Male) |
| 3:46 | Create | Villager (Male) |
| 3:46 | Create | Villager (Male) |
| 3:49 | Build | House |
| 4:16 | Build | Mill |
| 4:54 | Create | Villager (Male) |
| 4:54 | Create | Villager (Male) |
| 4:54 | Create | Villager (Male) |
| 4:55 | Create | Villager (Male) |
| 4:55 | Create | Villager (Male) |
| 5:36 | Build | House |
| 6:13 | Create | Villager (Male) |
| 6:21 | Build | Mining Camp |
| 6:29 | Create | Villager (Male) |
| 7:02 | Create | Villager (Male) |
| 7:09 | Research | Feudal Age |
| 9:41 | Age | Feudal Age |
| 9:42 | Build | Market |
| 9:45 | Build | Blacksmith |
| 9:48 | Create | Villager (Male) |
| 9:57 | Create | Villager (Male) |
| 10:27 | Create | Villager (Male) |
| 10:30 | Research | Loom |
| 11:11 | Research | Castle Age |
| 11:11 | Research | Castle Age |
| 11:13 | Research | Loom |
| 11:42 | Research | Double-Bit Axe |
| 11:42 | Research | Double-Bit Axe |
| 13:05 | Research | Gold Mining |
| 13:51 | Age | Castle Age |
| 13:52 | Build | Town Center |
| 13:55 | Build | Town Center |
| 14:00 | Build | Monastery |
| 14:12 | Build | University |
| 14:15 | Create | Villager (Male) |
| 14:22 | Build | House |
| 14:39 | Create | Monk |
| 15:06 | Build | House |
| 15:07 | Build | House |
| 15:15 | Build | Farm |
| 15:22 | Create | Villager (Male) |
| 15:23 | Create | Villager (Male) |
| 15:32 | Create | Monk |
| 15:51 | Create | Villager (Male) |
| 15:52 | Build | Farm |
| 15:54 | Build | Farm |
| 15:55 | Create | Villager (Male) |
| 16:19 | Create | Villager (Male) |
| 16:21 | Build | Farm |
| 16:26 | Build | Farm |
| 16:27 | Create | Villager (Male) |
| 16:33 | Create | Villager (Male) |
| 16:33 | Create | Villager (Male) |
| 16:39 | Build | House |
| 16:47 | Build | Farm |
| 17:02 | Build | Farm |
| 17:11 | Create | Villager (Male) |
| 17:31 | Build | Siege Workshop |
| 17:33 | Create | Villager (Male) |
| 17:52 | Build | Farm |
| 17:58 | Create | Villager (Male) |
| 18:03 | Build | Farm |
| 18:06 | Create | Villager (Male) |
| 18:07 | Create | Villager (Male) |
| 18:15 | Create | Villager (Male) |
| 18:18 | Create | Villager (Male) |
| 18:18 | Create | Villager (Male) |
| 18:18 | Create | Villager (Male) |
| 18:30 | Build | Farm |
| 18:42 | Build | Farm |
| 18:42 | Create | Villager (Male) |
| 18:58 | Research | Horse Collar |
| 18:58 | Research | Horse Collar |
| 19:01 | Build | Farm |
| 19:03 | Build | Farm |
| 19:04 | Create | Villager (Male) |
| 19:07 | Create | Villager (Male) |
| 19:31 | Create | Villager (Male) |
| 19:35 | Create | Villager (Male) |
| 19:39 | Build | Farm |
| 19:41 | Build | Farm |
| 19:42 | Create | Villager (Male) |
| 19:50 | Create | Villager (Male) |
| 20:07 | Build | Farm |
| 20:07 | Create | Villager (Male) |
| 20:15 | Build | Farm |
| 20:15 | Create | Villager (Male) |
| 20:40 | Create | Villager (Male) |
| 20:41 | Create | Villager (Male) |
| 20:43 | Build | Farm |
| 20:45 | Create | Villager (Male) |
| 20:58 | Build | House |
| 21:00 | Build | House |
| 21:02 | Build | House |
| 21:03 | Build | House |
| 21:23 | Build | House |
| 21:24 | Create | Villager (Male) |
| 21:27 | Create | Villager (Male) |
| 21:28 | Create | Villager (Male) |
| 21:30 | Build | Farm |
| 21:31 | Create | Villager (Male) |
| 21:33 | Create | Villager (Male) |
| 21:43 | Research | Wheelbarrow |
| 21:43 | Research | Wheelbarrow |
| 21:49 | Build | Farm |
| 22:10 | Build | Siege Workshop |
| 22:13 | Research | Town Watch |
| 22:19 | Build | Outpost |
| 22:21 | Build | Outpost |
| 22:24 | Build | Outpost |
| 22:26 | Create | Villager (Male) |
| 22:32 | Create | Villager (Male) |
| 22:33 | Create | Villager (Male) |
| 22:36 | Create | Villager (Male) |
| 22:36 | Create | Villager (Male) |
| 22:44 | Create | Villager (Male) |
| 22:55 | Create | Mangonel |
| 22:58 | Build | House |
| 22:59 | Build | House |
| 23:00 | Create | Mangonel |
| 23:09 | Create | Villager (Male) |
| 23:11 | Create | Villager (Male) |
| 23:13 | Create | Villager (Male) |
| 23:13 | Create | Villager (Male) |
| 23:30 | Build | House |
| 23:31 | Build | House |
| 23:47 | Create | Mangonel |
| 23:52 | Build | Mill |
| 23:53 | Create | Villager (Male) |
| 23:55 | Build | Farm |
| 23:55 | Build | Farm |
Build order — stickysushi
First 150 of 342 actions detected
| 0:02 | Create | Villager (Male) |
| 0:02 | Create | Villager (Male) |
| 0:02 | Create | Villager (Male) |
| 0:03 | Create | Villager (Male) |
| 0:04 | Build | Mill |
| 0:08 | Build | House |
| 0:11 | Build | House |
| 1:23 | Create | Villager (Male) |
| 1:23 | Create | Villager (Male) |
| 2:01 | Create | Villager (Male) |
| 2:01 | Create | Villager (Male) |
| 2:20 | Create | Villager (Male) |
| 2:20 | Create | Villager (Male) |
| 2:44 | Create | Villager (Male) |
| 2:45 | Create | Villager (Male) |
| 3:11 | Build | House |
| 3:16 | Build | Mule Cart |
| 3:26 | Create | Villager (Male) |
| 3:26 | Create | Villager (Male) |
| 3:52 | Create | Villager (Male) |
| 3:53 | Create | Villager (Male) |
| 3:53 | Create | Villager (Male) |
| 3:53 | Create | Villager (Male) |
| 4:18 | Create | Villager (Male) |
| 4:18 | Create | Villager (Male) |
| 4:38 | Create | Villager (Male) |
| 4:39 | Create | Villager (Male) |
| 4:52 | Create | Villager (Male) |
| 4:52 | Create | Villager (Male) |
| 4:52 | Create | Villager (Male) |
| 4:52 | Create | Villager (Male) |
| 5:17 | Create | Villager (Male) |
| 5:17 | Create | Villager (Male) |
| 5:19 | Create | Villager (Male) |
| 5:19 | Create | Villager (Male) |
| 5:58 | Create | Villager (Male) |
| 6:51 | Build | House |
| 8:02 | Create | Villager (Male) |
| 8:16 | Build | Mill |
| 8:54 | Research | Feudal Age |
| 8:54 | Research | Feudal Age |
| 9:12 | Build | Mule Cart |
| 9:31 | Create | Villager (Male) |
| 9:31 | Create | Villager (Male) |
| 9:33 | Build | House |
| 9:46 | Build | Farm |
| 9:47 | Build | Farm |
| 9:48 | Build | Farm |
| 9:50 | Build | Farm |
| 9:58 | Create | Villager (Male) |
| 10:02 | Build | House |
| 11:04 | Age | Feudal Age |
| 11:32 | Build | Barracks |
| 11:39 | Create | Villager (Male) |
| 11:52 | Build | Blacksmith |
| 12:08 | Build | Barracks |
| 12:10 | Create | Villager (Male) |
| 12:20 | Create | Villager (Male) |
| 12:23 | Build | House |
| 12:27 | Create | Villager (Male) |
| 12:49 | Create | Villager (Male) |
| 13:04 | Research | Man-at-Arms (upgrade) |
| 13:14 | Create | Militia |
| 13:14 | Create | Militia |
| 13:15 | Create | Militia |
| 13:15 | Create | Militia |
| 13:25 | Create | Militia |
| 13:25 | Create | Militia |
| 13:49 | Create | Villager (Male) |
| 14:23 | Build | Farm |
| 14:31 | Research | Long Swordsman (upgrade) |
| 14:35 | Create | Militia |
| 14:36 | Create | Militia |
| 14:36 | Create | Militia |
| 14:36 | Create | Militia |
| 14:50 | Build | Farm |
| 14:54 | Create | Villager (Male) |
| 15:00 | Build | House |
| 15:35 | Research | Scale Mail Armor |
| 15:44 | Build | Farm |
| 15:50 | Create | Villager (Male) |
| 16:03 | Create | Militia |
| 16:39 | Create | Villager (Male) |
| 16:39 | Create | Villager (Male) |
| 16:48 | Create | Militia |
| 17:01 | Build | Farm |
| 17:05 | Create | Villager (Male) |
| 17:10 | Create | Villager (Male) |
| 18:02 | Create | Militia ×4 |
| 18:06 | Build | House |
| 18:06 | Build | House |
| 18:06 | Build | House |
| 18:48 | Create | Villager (Male) |
| 18:59 | Build | House |
| 19:00 | Build | House |
| 19:24 | Create | Villager (Male) |
| 19:25 | Create | Villager (Male) |
| 19:32 | Build | Farm |
| 19:34 | Create | Villager (Male) |
| 19:36 | Create | Villager (Male) |
| 19:44 | Create | Militia ×2 |
| 19:51 | Create | Villager (Male) |
| 19:58 | Build | Farm |
| 19:59 | Build | Farm |
| 20:00 | Build | Farm |
| 20:01 | Build | Farm |
| 20:07 | Build | House |
| 20:08 | Build | House |
| 21:23 | Create | Villager (Male) |
| 21:26 | Build | House |
| 21:42 | Build | Market |
| 21:44 | Build | House |
| 21:45 | Create | Villager (Male) |
| 21:48 | Research | Double-Bit Axe |
| 22:04 | Build | Farm |
| 22:05 | Build | Farm |
| 22:12 | Create | Villager (Male) |
| 22:22 | Build | House |
| 22:22 | Build | House |
| 22:22 | Build | House |
| 23:12 | Research | Castle Age |
| 23:12 | Research | Castle Age |
| 23:25 | Create | Militia |
| 23:28 | Create | Militia |
| 23:28 | Create | Militia |
| 23:49 | Research | Horse Collar |
| 24:06 | Build | House |
| 24:06 | Build | House |
| 24:24 | Create | Villager (Male) |
| 24:44 | Research | Gold Mining |
| 24:45 | Create | Villager (Male) |
| 24:45 | Create | Villager (Male) |
| 25:09 | Build | Mule Cart |
| 25:12 | Create | Villager (Male) |
| 25:18 | Research | Forging |
| 25:43 | Create | Villager (Male) |
| 25:47 | Build | House |
| 25:48 | Build | House |
| 25:48 | Build | House |
| 25:52 | Age | Castle Age |
| 25:59 | Research | Two-Handed Swordsman (upgrade) |
| 26:05 | Create | Militia ×2 |
| 26:05 | Create | Militia ×2 |
| 26:20 | Build | Town Center |
| 26:31 | Create | Villager (Male) |
| 26:38 | Research | Squires |
| 26:42 | Research | Gambesons |
| 26:46 | Create | Militia ×2 |
| 26:47 | Create | Militia ×2 |
| 27:13 | Research | Squires |
Build order — lineric1995
First 150 of 234 actions detected
| 0:01 | Create | Villager (Male) ×4 |
| 0:01 | Research | Loom |
| 0:03 | Build | House |
| 0:04 | Build | House |
| 0:06 | Build | House |
| 1:51 | Create | Villager (Male) |
| 2:22 | Create | Villager (Male) |
| 2:43 | Create | Villager (Male) |
| 3:10 | Create | Villager (Male) |
| 3:49 | Create | Villager (Male) ×2 |
| 4:31 | Create | Villager (Male) |
| 5:03 | Build | Lumber Camp |
| 5:10 | Build | Mill |
| 5:20 | Create | Villager (Male) |
| 5:39 | Create | Villager (Male) ×4 |
| 7:37 | Research | Feudal Age |
| 8:15 | Create | Villager (Male) ×3 |
| 8:32 | Create | Villager (Male) ×4 |
| 8:46 | Build | House |
| 8:48 | Build | House |
| 9:01 | Create | Villager (Male) |
| 9:36 | Create | Villager (Male) |
| 9:47 | Age | Feudal Age |
| 9:52 | Research | Double-Bit Axe |
| 9:59 | Research | Horse Collar |
| 10:01 | Create | Villager (Male) |
| 10:24 | Build | Mining Camp |
| 11:25 | Build | Blacksmith |
| 12:16 | Create | Villager (Male) ×5 |
| 12:28 | Build | Siege Workshop |
| 12:29 | Build | House |
| 13:35 | Build | Farm |
| 13:42 | Build | House |
| 13:43 | Build | House |
| 13:44 | Create | Battering Ram |
| 13:53 | Create | Villager (Male) ×5 |
| 14:00 | Create | Battering Ram |
| 14:06 | Build | House |
| 14:09 | Build | House |
| 14:23 | Create | Battering Ram |
| 14:28 | Build | Farm |
| 14:34 | Build | Farm |
| 14:34 | Build | Farm |
| 14:35 | Build | Farm |
| 14:37 | Build | Farm |
| 14:38 | Build | Farm |
| 14:44 | Build | Farm |
| 14:58 | Build | House |
| 14:59 | Build | House |
| 15:00 | Build | House |
| 15:04 | Build | Farm |
| 15:30 | Create | Battering Ram |
| 15:46 | Create | Villager (Male) ×4 |
| 16:05 | Create | Battering Ram |
| 16:26 | Create | Battering Ram |
| 17:03 | Build | Town Center |
| 17:43 | Create | Battering Ram |
| 18:30 | Create | Battering Ram |
| 18:37 | Create | Villager (Male) ×5 |
| 18:42 | Research | Wheelbarrow |
| 18:49 | Build | Farm |
| 18:50 | Build | Farm |
| 18:51 | Build | Farm |
| 18:52 | Build | Farm |
| 18:54 | Build | Farm |
| 18:55 | Build | Farm |
| 18:58 | Build | House |
| 18:59 | Build | House |
| 19:12 | Create | Villager (Male) ×2 |
| 19:25 | Build | Mining Camp |
| 19:43 | Research | Gold Mining |
| 20:29 | Create | Battering Ram |
| 20:29 | Create | Battering Ram |
| 20:30 | Create | Battering Ram |
| 21:39 | Build | Mill |
| 21:41 | Build | Farm |
| 21:41 | Build | Farm |
| 21:42 | Build | Farm |
| 21:43 | Build | Farm |
| 21:44 | Build | Farm |
| 21:46 | Build | Farm |
| 21:47 | Build | Farm |
| 21:49 | Build | Farm |
| 21:51 | Build | Farm |
| 21:52 | Build | Farm |
| 21:53 | Build | Farm |
| 21:55 | Build | Farm |
| 21:56 | Build | Farm |
| 22:01 | Create | Villager (Male) ×5 |
| 22:06 | Create | Villager (Male) ×5 |
| 23:47 | Research | Castle Age |
| 25:24 | Create | Villager (Male) ×5 |
| 25:24 | Create | Villager (Male) ×5 |
| 25:25 | Create | Villager (Male) ×5 |
| 25:30 | Build | Mining Camp |
| 25:34 | Research | Stone Mining |
| 26:18 | Create | Villager (Male) ×2 |
| 26:25 | Build | House |
| 26:25 | Build | House |
| 26:25 | Build | House |
| 26:25 | Build | House |
| 26:27 | Build | House |
| 26:27 | Age | Castle Age |
| 26:27 | Build | House |
| 26:27 | Build | House |
| 26:38 | Research | Gold Shaft Mining |
| 26:40 | Research | Hand Cart |
| 26:42 | Research | Heavy Plow |
| 26:43 | Research | Bow Saw |
| 26:46 | Create | Villager (Male) |
| 27:02 | Build | Mining Camp |
| 27:24 | Create | Villager (Male) ×5 |
| 28:50 | Create | Villager (Male) ×5 |
| 28:59 | Research | Capped Ram (upgrade) |
| 29:18 | Build | Mining Camp |
| 29:45 | Create | Villager (Male) ×5 |
| 29:53 | Build | Castle |
| 30:01 | Build | University |
| 30:14 | Build | Lumber Camp |
| 30:17 | Build | Lumber Camp |
| 30:25 | Create | Villager (Male) ×5 |
| 30:41 | Build | Barracks |
| 31:35 | Research | Imperial Age |
| 31:40 | Research | Steppe Husbandry |
| 31:58 | Build | Archery Range |
| 32:01 | Build | Stable |
| 32:04 | Build | Stable |
| 32:07 | Build | Stable |
| 32:13 | Build | Stable |
| 32:24 | Research | Thumb Ring |
| 32:34 | Research | Fletching |
| 32:34 | Research | Padded Archer Armor |
| 32:38 | Research | Scale Barding Armor |
| 32:44 | Research | Bloodlines |
| 32:51 | Create | Steppe Lancer ×5 |
| 33:12 | Research | Pikeman (upgrade) |
| 33:12 | Research | Squires |
| 33:24 | Build | Blacksmith |
| 33:31 | Research | Bodkin Arrow |
| 34:03 | Research | Chain Barding Armor |
| 34:04 | Research | Forging |
| 34:18 | Create | Villager (Male) ×5 |
| 34:36 | Build | Mining Camp |
| 34:42 | Research | Ballistics |
| 34:43 | Research | Masonry |
| 34:45 | Age | Imperial Age |
| 34:56 | Research | Elite Steppe Lancer (upgrade) |
| 34:57 | Create | Steppe Lancer ×3 |
| 34:57 | Create | Steppe Lancer ×3 |
| 35:23 | Create | Villager (Male) ×5 |
Match timeline
| 8:55 | serafettinturker · first_building Barracks |
| 9:41 | i am a beginner · age_up feudal |
| 9:47 | lineric1995 · age_up feudal |
| 9:48 | serafettinturker · age_up feudal |
| 11:04 | stickysushi · age_up feudal |
| 11:32 | stickysushi · first_building Barracks |
| 12:28 | lineric1995 · first_building Siege Workshop |
| 13:51 | i am a beginner · age_up castle |
| 13:54 | serafettinturker · first_building Stable |
| 14:00 | i am a beginner · first_building Monastery |
| 15:21 | i am a beginner · first_market_buy 100 food |
| 15:47 | i am a beginner · first_market_sell 100 wood |
| 17:31 | i am a beginner · first_building Siege Workshop |
| 21:19 | i am a beginner · tribute_sent a jugador 2 |
| 21:19 | i am a beginner · tribute_sent a jugador 3 |
| 21:19 | i am a beginner · tribute_sent a jugador 4 |
| 21:31 | serafettinturker · wall_segment Palisade Wall x1 |
| 21:38 | serafettinturker · wall_segment Palisade Wall x1 |
| 22:11 | serafettinturker · first_market_sell 500 wood |
| 22:19 | serafettinturker · first_market_buy 500 food |
| 22:58 | stickysushi · first_market_buy 100 food |
| 22:58 | serafettinturker · wall_segment Stone Wall x1 |
| 23:01 | stickysushi · first_market_sell 100 wood |
| 23:03 | serafettinturker · wall_segment Stone Wall x1 |
| 23:08 | serafettinturker · wall_segment Stone Wall x1 |
| 23:11 | serafettinturker · wall_segment Stone Wall x1 |
| 23:14 | serafettinturker · wall_segment Stone Wall x1 |
| 25:52 | stickysushi · age_up castle |
| 26:27 | lineric1995 · age_up castle |
| 27:30 | i am a beginner · first_building Castle |
| 29:02 | i am a beginner · first_building Barracks |
| 29:06 | stickysushi · first_building Monastery |
| 29:53 | lineric1995 · first_building Castle |
| 30:41 | lineric1995 · first_building Barracks |
| 31:20 | i am a beginner · age_up imperial |
| 31:58 | lineric1995 · first_building Archery Range |
| 32:01 | lineric1995 · first_building Stable |
| 33:31 | serafettinturker · age_up castle |
| 34:37 | stickysushi · first_building Castle |
| 34:45 | lineric1995 · age_up imperial |
| 36:31 | stickysushi · first_building Siege Workshop |
| 37:56 | stickysushi · age_up imperial |
| 40:00 | serafettinturker · first_building Krepost |
| 44:10 | i am a beginner · tribute_sent a jugador 2 |
| 44:10 | i am a beginner · tribute_sent a jugador 3 |
| 44:10 | i am a beginner · tribute_sent a jugador 4 |
| 48:01 | i am a beginner · tribute_sent a jugador 2 |
| 48:01 | i am a beginner · tribute_sent a jugador 3 |
| 48:01 | i am a beginner · tribute_sent a jugador 4 |
| 48:01 | stickysushi · resign |
[ AI ANALYSIS · 1 CREDIT ]
What really happened in this match?
Wolo.gg analyzes every decision: build order, eco, micro, common mistakes by bracket. Personalized analysis on WhatsApp or Discord in 30 seconds.
Civ guide
Bulgarians
Map guide
Arena
Perfil
Jugador #4869473